 Dungeon Crawl Stone Soup version 0.29.1-1-gd02db6906a (webtiles) character file.

Game seed: 919347241786646677

116 Godmorgon the Conjurer (level 5, -1/28 HPs)
             Began as a Tengu Conjurer on Oct 6, 2022.
             Slain by a bullfrog (3 damage)
             ... in a sewer on Oct 7, 2022.
             The game lasted 00:14:24 (2669 turns).

Godmorgon the Conjurer (Tengu Conjurer)             Turns: 2669, Time: 00:14:24

Health: -1/28      AC:  2    Str:  8    XL:     5   Next: 0%
Magic:  16/19      EV: 15    Int: 26    God:
Gold:   100        SH:  0    Dex: 12    Spells: 7/10 levels left

rFire   . . .      SeeInvis .   a - +0 dagger
rCold   . . .      Faith    .   (no shield)
rNeg    . . .      Spirit   .   d - +0 robe
rPois   .          Reflect  .   (helmet restricted)
rElec   .          Harm     .   (no cloak)
rCorr   .          Rampage  .   (no gloves)
Will    .....                   (boots unavailable)
Stlth   ++........              (no amulet)
HPRegen 0.09/turn               g - +6 ring of intelligence
MPRegen 0.16/turn               r - ring of magical power

@: flying quickly and evasively, quick
A: beak, talons 3, nimble flight
a: no special abilities


You were in a sewer.
You visited 1 branch of the dungeon, and saw 3 of its levels.
You also visited: Sewer.

You collected 100 gold pieces.

Inventory:

Hand Weapons
 a - a +0 dagger (weapon)
 b - a +0 rapier
 c - a +0 short sword
Missiles
 l - 5 boomerangs
 p - 2 curare-tipped darts
 s - 5 poisoned darts
Armour
 d - a +0 robe (worn)
Jewellery
 g - a +6 ring of intelligence (left hand)
 h - an amulet of faith
 r - a ring of magical power (right hand)
Scrolls
 e - 2 scrolls of teleportation {unknown}
 i - 2 scrolls of identify {unknown}
 k - a scroll of enchant armour {unknown}
Potions
 f - a potion of magic
 j - 2 potions of brilliance {unknown}
 m - a potion of ambrosia {unknown}
 n - a potion of attraction {unknown}
 o - 2 potions of degeneration {unknown}
 q - a potion of heal wounds {unknown}


   Skills:
 + Level 3.3 Dodging
 - Level 2.2 Stealth
 * Level 3.3 Spellcasting
 + Level 6.1 Conjurations


You had 7 spell levels left.
You knew the following spells:

 Your Spells              Type           Power      Damage    Failure   Level
d - Magic Dart            Conj           100%       1d8       1%          1
s - Searing Ray           Conj           72%        2d7       1%          2

Your spell library contained the following spells:

 Spells                   Type           Power      Damage    Failure   Level
 Dazzling Flash           Conj/Hex       40%        N/A       8%          3
 Fulminant Prism          Conj/Hex       10%        3d9       26%         4
 Iskenderun's Mystic Bla  Conj/Tloc      20%        2d6       26%         4


Dungeon Overview and Level Annotations

Branches:
Dungeon (3/15)              Sewer (1/1)

Altars:
Fedhas


Innate Abilities, Weirdness & Mutations

You have a beak for a mouth.
You have claws for feet.
Your magical nature lets you fly swiftly and evasively.


Message History

Confirm with . or Enter, or press ? or * to list all spells.
Aiming: Magic Dart (safe; 1% risk of failure)
Press: ? - help, Shift-Dir - straight line, f/p - giant cockroach
Aim: a giant cockroach (moderately wounded, 100% to hit)
The magic dart hits the giant cockroach.
You kill the giant cockroach!
You have reached level 5!
Your magical nature develops, letting you fly swiftly and evasively.
You start resting.
Magic restored.
Press: ? - help, v - describe, . - travel, g - get item Item here: a twisted rapier.
The floor. 2 bullfrogs come into view.
Casting: Magic Dart (safe; 1% risk of failure)
Confirm with . or Enter, or press ? or * to list all spells.
Aiming: Magic Dart (safe; 1% risk of failure)
Press: ? - help, Shift-Dir - straight line, f - bullfrog
Aim: a bullfrog (water, asleep, 100% to hit)
The magic dart hits the bullfrog!
The bullfrog is moderately wounded.
The bullfrog gives a loud, deep croak!
The bullfrog croaks.
The bullfrog swells and bulges.
The bullfrog hits you!
Casting: Magic Dart (safe; 1% risk of failure)
Confirm with . or Enter, or press ? or * to list all spells.
Aiming: Searing Ray (safe; 1% risk of failure)
Press: ? - help, Shift-Dir - straight line, f/p - bullfrog
Aim: a bullfrog (moderately wounded, 76% to hit)
The searing ray hits the bullfrog!
The bullfrog is heavily wounded. (Press . to maintain the ray.)
The bullfrog hits you. The bullfrog misses you. The bullfrog hits you!
The bullfrog hits you.
The searing ray misses the bullfrog.
The bullfrog barely misses you. The bullfrog hits you!
* * * LOW HITPOINT WARNING * * *
The bullfrog attacks as you move away! The bullfrog barely misses you.
The bullfrog hits you.
You die...

####.~~~.~~~..~.########
≈≈≈≈≈≈≈~~~~†~~~....∩.∩.#
####.~≈~~~~.~...########
#~~≈~~########
#~~≈~~######################
#~~≈~~~~....................
#~~≈~~~~~~~~~~~~~~~~~~~~~~~~
#.~≈≈≈≈≈≈≈≈≈≈≈≈≈≈≈≈≈≈≈≈≈≈≈≈≈
#~~≈~~~~~~~@F~~~~~~~≈~~≈≈≈~†
#~≈≈~~~.....F....~~≈~≈≈~~~~.
#.~≈~~#######~≈≈≈≈≈≈≈~~≈≈≈≈≈
#.~≈~~# #≈≈≈~≈≈≈≈≈≈≈≈≈≈≈≈≈
#.~≈~.# ##≈≈~≈≈≈≈≈≈.~~~≈≈≈≈
#.~≈~.# #≈≈≈≈≈≈≈≈†.~ ≈≈≈
#.~≈~~# #≈≈≈≈≈≈≈~?.~ ≈≈
#.~≈~.# #≈≈≈≈≈≈./![. ~≈
#~~≈~~# #≈≈≈≈≈.~.)"~ ≈~


You could see 2 bullfrogs.

Vanquished Creatures
  A river rat (D:3)
  2 adders
  3 worms
  4 dart slugs
  4 orcs (D:3)
  3 bats (D:1)
  5 endoplasms
  10 giant cockroaches
  3 goblins
  6 hobgoblins
  2 kobolds
  3 quokkas
  7 ball pythons
  6 frilled lizards
  5 rats
64 creatures vanquished.

Notes
Turn   | Place    | Note
-------+----------+-------------------------------------------
     0 | D:1      | Godmorgon the Tengu Conjurer began the quest for the Orb.
     0 | D:1      | Reached XP level 1. HP: 10/10 MP: 4/4
   234 | D:1      | Reached XP level 2. HP: 10/15 MP: 1/6
   733 | D:1      | Reached XP level 3. HP: 19/19 MP: 3/7
   736 | D:1      | Learned a level 2 spell: Searing Ray
  1006 | D:1      | Found a faded altar of an unknown god.
  2003 | D:2      | Reached XP level 4. HP: 24/24 MP: 9/9
  2165 | D:3      | Found a blossoming altar of Fedhas.
  2181 | D:3      | Found a glowing drain.
  2191 | D:3      | Reached skill level 6 in Conjurations
  2325 | Sewer    | Entered a sewer
  2637 | Sewer    | Found the amulet of Vitality {RegenMP++ Regen++}
  2640 | Sewer    | Gained mutation: Your magical nature lets you fly swiftly
                  | and evasively. [Tengu growth]
  2640 | Sewer    | Reached XP level 5. HP: 28/28 MP: 10/10
  2669 | Sewer    | Slain by a bullfrog

Illustrated notes

Levels and vault maps discovered:
D:1:      dpeg_arrival_another_circle, layout_loops_ring,
          hellmonk_ecumenical_altar_run_dry
D:2:      layout_loops_ring, st_stairs_12
D:3:      minmay_roachtagon, layout_basic, tgw_trog, led_sif_pool,
          fedhas_altar_3, cheibrodos_sewer_entry_sluice
Sewer:    sewer_frog_island_01

Skill      XL: |  1  2  3  4 |
---------------+-------------+-----
Dodging        | 3 |  3.3
Conjurations   | 6 |  6.1
Spellcasting   | 3 |  3.3
Stealth        | |  2.2

Action                   |  1- 3 |  4- 6 || total
-------------------------+-------+-------++-------
Melee: Short sword       |     2 |       ||     2
 Cast: Magic Dart        |    66 |    47 ||   113
       Searing Ray       |     1 |     7 ||     8
Armor: Robe              |     2 |       ||     2
Dodge: Dodged            |     6 |     7 ||    13
